 Dungeon Crawl Stone Soup version 0.20-b1 (webtiles) character file.

1306 Gorglomux the Cleaver (level 8, -10/74 HPs)
             Began as a Hill Orc Monk on May 19, 2017.
             Killed from afar by Dowan (12 damage)
             ... with a puff of flame
             ... on level 6 of the Dungeon.
             The game lasted 00:08:26 (4965 turns).

Gorglomux the Cleaver (Hill Orc Monk)               Turns: 4965, Time: 00:08:26

Health: -10/74     AC:  8    Str: 18    XL:     8   Next: 57%
Magic:  8/8        EV:  8    Int: 10    God:
Gold:   227        SH:  0    Dex: 13    Spells: 7/7 levels left

rFire    . . .     SeeInvis .   b - +6 hunting sling "Etoraenn" {venom, Str+2}
rCold    . . .     Gourm    .   (no shield)
rNeg     . . .     Faith    .   s - +0 chain mail
rPois    .         Spirit   .   (no helmet)
rElec    .         Reflect  .   (no cloak)
rCorr    .         Harm     .   (no gloves)
MR       .....                  (no boots)
Stlth    ..........             (no amulet)
Regen    0.3/turn               f - ring of flight {+Fly, !d}
MPRegen  0.2/turn               (no ring)

@: no status effects
A: no striking features
a: Evoke Flight


You were on level 6 of the Dungeon.
You were not hungry.

You visited 1 branch of the dungeon, and saw 6 of its levels.

You collected 227 gold pieces.

Inventory:

Hand Weapons
 a - a +0 war axe
   (You found it on level 4 of the Dungeon)
 b - the +6 hunting sling "Etoraenn" (weapon) {venom, Str+2}
   (You found it on level 4 of the Dungeon)

   It poisons the ammo it fires.
   It affects your strength (+2).
 y - a +0 hand axe
Missiles
 g - 3 throwing nets {=f, !d}
 r - 57 sling bullets
 v - 90 stones (quivered)
Armour
 i - a +0 scale mail
   (You found it on level 1 of the Dungeon)
 s - a +0 chain mail (worn)
   (You took it off an orc on level 3 of the Dungeon)
 u - a +0 robe
Jewellery
 f - a ring of flight (left hand) {+Fly, !d}
   (You found it on level 1 of the Dungeon)
 F - an uncursed ring of protection from magic {unknown}
   (You found it on level 5 of the Dungeon)
Scrolls
 d - 2 scrolls of immolation {unknown}
 e - a scroll of random uselessness
 k - a scroll of recharging {unknown}
 p - 3 scrolls of teleportation {unknown}
 q - a scroll of noise {unknown}
 t - 2 scrolls of remove curse {unknown}
 x - 2 scrolls of identify {unknown}
 A - a scroll of enchant weapon {unknown}
Potions
 l - a potion of curing
 m - a potion of haste {unknown}
 n - 2 potions of degeneration {!q}
 w - a potion of resistance {unknown}
 z - a potion of brilliance {unknown}
 B - a potion of flight {unknown}
 C - a potion of might
 E - 3 potions of cancellation {unknown}
Comestibles
 c - 6 bread rations {@e1}
 h - 4 meat rations {@e2}
 j - 8 fruits
 o - 2 royal jellies


   Skills:
 + Level 7.9 Fighting
 * Level 11.3 Axes
 - Level 2.4 Dodging
 - Level 1.5 Stealth


You had 7 spell levels left.
You didn't know any spells.

Dungeon Overview and Level Annotations

Branches:
Dungeon (6/15)
 Temple: D:4-7

Altars:
Ashenzari

Annotations:
D:6 Dowan, Duvessa


Message History

Your chain mail prevents you from hitting the jackal.
The ball python hisses angrily.
The jackal bites you but does no damage. x2
You closely miss the jackal. x2; The jackal barely misses you.
The jackal bites you but does no damage.
Dowan casts a spell.
Dowan blinks!
The jackal barely misses you.
Duvessa says, "When magic and the sword combine, nothing stands against them."
You slash Dowan!
You hit the jackal. x2; The jackal bites you.
Duvessa says, "Where magic fails, the sword succeeds!"
Dowan hits you but does no damage. The jackal completely misses you.
The jackal bites you but does no damage.
You hit Dowan but do no damage. You hit the jackal.
You kill the jackal!
You closely miss the jackal.
Duvessa says, "My weaknesses are his strengths!"
The jackal bites you but does no damage.
Dowan hits you but does no damage.
The +6 hunting sling "Etoraenn" {venom, Str+2} begins to drip with poison!
b - the +6 hunting sling "Etoraenn" (weapon)
{venom, Str+2} Duvessa hits you but does no damage.
The jackal bites you.
Aim: Duvessa, wielding a short sword and wearing a chain mail (fast)
You shoot a stone.
The stone hits Duvessa but does no damage.
Duvessa is poisoned.
Duvessa drinks a potion.
Duvessa is healed!
Duvessa looks more healthy.
Dowan hits you but does no damage. The jackal barely misses you.
Duvessa hits you with a short sword!
Aim: Duvessa, wielding a short sword and wearing a chain mail (fast)
You shoot a stone. The stone hits Duvessa.
Duvessa is poisoned.
The jackal barely misses you. Duvessa hits you but does no damage.
Dowan gestures at you while chanting. The puff of frost hits you!
The ball python closely misses you. The ball python grabs you.
The ball python constricts you. The jackal closely misses you.
Duvessa hits you but does no damage. Dowan hits you but does no damage.
Aim: Duvessa, wielding a short sword and wearing a chain mail (lightly wounded, fast, poisoned)
You shoot a stone. The stone hits Duvessa.
Duvessa looks as sick as possible!
The ball python bites you but does no damage.
The ball python constricts you.
The jackal bites you but does no damage.
Duvessa hits you with a short sword!
The ball python bites you but does no damage.
The ball python constricts you.
The jackal bites you but does no damage.
Dowan hits you with a dagger. Duvessa hits you with a short sword.
Aim: Duvessa, wielding a short sword and wearing a chain mail (lightly wounded, fast, poisoned)
You shoot a stone. The stone hits Duvessa!
Duvessa looks as sick as possible!
The jackal bites you.
The ball python bites you but does no damage.
The ball python constricts you. Duvessa hits you with a short sword.
Dowan hits you with a dagger.
Aim: Duvessa, wielding a short sword and wearing a chain mail (heavily wounded, fast, poisoned)
You shoot a stone.
The stone hits Duvessa but does no damage.
Duvessa looks as sick as possible!
Duvessa hits you with a short sword.
The jackal bites you but does no damage.
The ball python barely misses you. The ball python constricts you.
Duvessa hits you with a short sword!
The jackal bites you but does no damage.
Dowan completely misses you.
The ball python bites you but does no damage.
The ball python constricts you.
Drop what? 31/52 slots (_ for help) (? for menu, Esc to quit)
Okay, then.
Aim: Duvessa, wielding a short sword and wearing a chain mail (severely wounded, fast, poisoned)
You shoot a stone.
The stone hits Duvessa but does no damage.
Duvessa looks as sick as possible!
Duvessa hits you with a short sword.
The jackal bites you but does no damage.
Dowan hits you but does no damage.
The ball python bites you but does no damage.
The ball python constricts you.
Duvessa says, "When magic and the sword combine, nothing stands against them."
Duvessa hits you with a short sword.
* * * LOW HITPOINT WARNING * * *
The jackal barely misses you.
Unknown command.
Aim: Dowan, wielding a dagger and wearing a robe (moderately wounded)
You shoot a stone. The stone hits Dowan!
Dowan is poisoned.
Duvessa hits you with a short sword.
* * * LOW HITPOINT WARNING * * *
The ball python bites you.
* * * LOW HITPOINT WARNING * * *
The ball python constricts you. Dowan hits you but does no damage.
The jackal bites you but does no damage.
Duvessa hits you with a short sword.
* * * LOW HITPOINT WARNING * * *
The ball python bites you but does no damage.
The ball python constricts you. Dowan gestures at you while chanting.
The puff of flame hits you!
* * * LOW HITPOINT WARNING * * *
The jackal completely misses you.
Unknown command.
You escape the ball python's grasp.
Dowan casts a spell at you. The puff of flame hits you!
You die...

#...# #...#
#...# #...#
#...# #...# #
#.e(#.#.##
...####.e......#
#......@hS###...
...#####.## #.#
#.# #.# #.# #.#
.#


You could see Duvessa, Dowan, a jackal and a ball python.

Vanquished Creatures
  Sigmund (D:2)
  Menkaure (D:4)
  An orc warrior (D:3)
  2 phantoms
  3 ogres
  A centaur (D:5)
  A scorpion (D:4)
  2 orc wizards
  4 worker ants
  8 adders
  2 oozes
  An adder zombie (D:5)
  6 worms
  2 dart slugs
  A leopard gecko (D:2)
  19 orcs
  5 giant cockroaches
  8 goblins
  5 hobgoblins
  A jackal (D:6)
  2 quokkas
  A ball python (D:2)
  8 bats
  7 frilled lizards
  9 kobolds
  12 rats
113 creatures vanquished.

Notes
Turn   | Place    | Note
-------+----------+-------------------------------------------
     0 | D:1      | Gorglomux the Hill Orc Monk began the quest for the Orb.
     0 | D:1      | Reached XP level 1. HP: 19/19 MP: 1/1
   527 | D:1      | Reached XP level 2. HP: 27/27 MP: 2/2
   963 | D:1      | Reached skill level 4 in Fighting
  1044 | D:1      | Reached skill level 5 in Axes
  1044 | D:1      | Reached XP level 3. HP: 33/33 MP: 3/3
  1228 | D:2      | Reached XP level 4. HP: 21/41 MP: 4/4
  1474 | D:2      | Noticed Sigmund
  1483 | D:2      | Killed Sigmund
  1483 | D:2      | Reached skill level 5 in Fighting
  1483 | D:2      | Reached skill level 7 in Axes
  1483 | D:2      | Reached XP level 5. HP: 48/48 MP: 5/5
  1483 | D:2      | Reached XP level 6. HP: 56/56 MP: 6/6
  1938 | D:3      | Found a faded altar of an unknown god.
  2010 | D:3      | Noticed an orc warrior
  2626 | D:4      | Reached skill level 8 in Axes
  2753 | D:4      | Got an ancient hunting sling
  2757 | D:4      | Identified the +6 hunting sling "Etoraenn" {venom, Str+2} (You found it on level 4 of the Dungeon)
  2777 | D:4      | Reached skill level 6 in Fighting
  2777 | D:4      | Reached XP level 7. HP: 38/63 MP: 7/7
  2950 | D:4      | Noticed Menkaure
  2973 | D:4      | Killed Menkaure
  2973 | D:4      | Reached skill level 9 in Axes
  3490 | D:4      | Reached skill level 7 in Fighting
  3736 | D:3      | Reached skill level 10 in Axes
  3736 | D:3      | Reached XP level 8. HP: 46/73 MP: 8/8
  4155 | D:5      | Entered Level 5 of the Dungeon
  4498 | D:5      | Found a shattered altar of Ashenzari.
  4673 | D:5      | Reached skill level 11 in Axes
  4949 | D:6      | Noticed Dowan
  4952 | D:6      | Noticed Duvessa
  4963 | D:6      | HP: 18/74 [Duvessa/short sword (5)]
  4964 | D:6      | HP: 2/74 [Dowan/puff of flame (9)]
  4965 | D:6      | Killed from afar by Dowan

Skill      XL: |  1  2  3  4  5  6  7  8 |
---------------+-------------------------+-----
Fighting       | 4 5 6 7 |  7.9
Axes           | 5 7 8 10 11 | 11.3
Dodging        | |  2.4
Stealth        | |  1.5

Action                   |  1- 3 |  4- 6 |  7- 9 || total
-------------------------+-------+-------+-------++-------
Melee: Hand axe          |   112 |   143 |    39 ||   294
       War axe           |       |       |    31 ||    31
 Fire: Hunting sling     |       |     3 |    88 ||    91
Throw: Stone             |       |       |     7 ||     7
  Use: Potion            |       |     3 |     1 ||     4
       Scroll            |       |     1 |       ||     1
 Stab: Sleeping          |     1 |       |       ||     1
  Eat: Chunk             |     1 |     5 |     7 ||    13
Armor: Robe              |     9 |       |       ||     9
       Scale mail        |    39 |    30 |       ||    69
       Chain mail        |       |    32 |    58 ||    90
Dodge: Dodged            |    57 |    66 |    36 ||   159

Vault maps used:
D:1:      sevenhm_arrival_forest_fort_small_4
D:2:      guppyfry_early_orc_mine, uniq_sigmund
D:3:      chequers_ecumenical_altar_simple, kennysheep_generic_room_5
D:4:      serial_forest, infiniplex_forest_lined_ring,
          infiniplex_forest_lined_1, infiniplex_forest_clump_tiny,
          infiniplex_forest_straight_4, infiniplex_forest_clump_tiny,
          infiniplex_forest_clump_diagonal, infiniplex_forest_lined_room_2,
          infiniplex_forest_lined_room_2, first_bread, uniq_menkaure
D:5:      evilmike_ruin_ashenzari
D:6:      serial_co_window_serial, co_window_paths_a, co_window_cross_1,
          co_window_paths_b, co_window_corner_a, co_window_corner_a,
          co_window_unsneaky_path_b, co_window_2corner, co_window_corner_b,
          co_window_broadway_c, co_window_corner_ca, co_window_unsneaky_path_b,
          glass_columns_a, glass_columns_a, glass_columns_a, glass_columns_a,
          gup_ossuary_entry_pyramid, uniq_duvessa, uniq_eustachio

Table legend:
 A = Turns spent in this place as a percentage of turns spent in the entire game.
 B = Non-inter-level travel turns spent in this place as a percentage of non-inter-level travel turns spent in the entire game.
 C = Inter-level travel turns spent in this place as a percentage of turns spent in this place.
 D = Turns resting spent in this place as a percentage of non-inter-level travel turns spent in this place.
 E = Turns spent auto-exploring this place as a percentage of non-inter-level travel turns spent in this place.
 F = Non-inter-level travel turns spent in this place divided by the number of levels of this place that you've seen.
                   A       B       C       D       E      F
               +-------+-------+-------+-------+-------+----------------------
         Total | 100.0 | 100.0 |   1.2 |   1.9 |   8.4 | 258.0
       Dungeon | 100.0 | 100.0 |   1.2 |   1.9 |   8.4 | 258.0
               +-------+-------+-------+-------+-------+----------------------

Table legend:
 A = Kills in this place as a percentage of kills in entire the game.
 B = Kills by you in this place as a percentage of kills by you in the entire game.
 C = Kills by friends in this place as a percentage of kills by friends in the entire game.
 D = Other kills in this place as a percentage of other kills in the entire game.
 E = Experience gained in this place as a percentage of experience gained in the entire game.
 F = Experience gained in this place divided by the number of levels of this place that you have seen.
                   A       B       C       D       E      F
               +-------+-------+-------+-------+-------+----------------------
         Total | 100.0 | 100.0 |  -nan |  -nan | 100.0 | 311.0
       Dungeon | 100.0 | 100.0 |  -nan |  -nan | 100.0 | 311.0
               +-------+-------+-------+-------+-------+----------------------
